 Dungeon Crawl Stone Soup version 0.21.1-1-g345015fe64 (webtiles) character file.

30 Bradje99 the Chopper (level 3, -5/35 HPs)
             Began as a Troll Gladiator on Feb 24, 2018.
             Was an Initiate of Okawaru.
             Slain by a black bear (6 damage)
             ... on level 2 of the Dungeon.
             The game lasted 00:22:17 (885 turns).

Bradje99 the Chopper (Troll Gladiator)               Turns: 885, Time: 00:22:17

Health: -5/35      AC:  5    Str: 23    XL:     3   Next: 5%
Magic:  2/2        EV: 10    Int:  4    God:    Okawaru [......]
Gold:   51         SH:  0    Dex: 11    Spells: 2/2 levels left

rFire    . . .     SeeInvis .   a - +0 war axe
rCold    . . .     Gourm    +   (no shield)
rNeg     . . .     Faith    .   g - +0 robe (curse)
rPois    .         Spirit   .   c - +0 hat
rElec    .         Reflect  .   (no cloak)
rCorr    .         Harm     .   (gloves unavailable)
MR       .....                  (boots unavailable)
Stlth    +.........             (no amulet)
HPRegen  0.51/turn              (no ring)
MPRegen  0.08/turn              (no ring)

@: no status effects
A: large, unfitting armour, claws 3, fast metabolism 3, gourmand, regeneration
1, shaggy fur 1, tough skin 2
a: Renounce Religion


You were on level 2 of the Dungeon.
You worshipped Okawaru.
Okawaru was noncommittal.
You were not hungry.

You visited 1 branch of the dungeon, and saw 2 of its levels.

You collected 51 gold pieces.

Inventory:

Hand Weapons
 a - a +0 war axe (weapon)
 j - a +0 hand axe
 k - a cursed +0 club
 p - a +0 mace
Missiles
 d - 3 throwing nets
 e - 19 stones (quivered)
 m - 7 tomahawks
Armour
 b - a +0 robe
 c - a +0 hat (worn)
 g - a cursed +0 robe (worn)
Scrolls
 h - 2 scrolls of remove curse {unknown}
 i - a scroll of enchant weapon {unknown}
Potions
 l - 2 potions of flight {unknown}
 n - a potion of agility {unknown}
 o - a potion of magic {unknown}


   Skills:
 + Level 1.6 Fighting
 + Level 3.1 Axes
 + Level 1.8 Throwing
 + Level 2.7 Dodging


You had 2 spell levels left.
You didn't know any spells.

Dungeon Overview and Level Annotations

Branches:
Dungeon (2/15)

Altars:
Okawaru


Innate Abilities, Weirdness & Mutations

You are too large for most types of armour.
You have claws for hands.
Your metabolism is lightning-fast.
You like to eat raw meat.
Your natural rate of healing is unusually fast.
You are covered in fur. (AC +1)
You have very tough skin. (AC +2)


Message History

The black bear completely misses you. The black bear closely misses you.
You hit the black bear.
The black bear is severely wounded.
The black bear goes berserk!
You barely miss the black bear.
The black bear is severely wounded.
The black bear bites you. The black bear closely misses you.
The black bear claws you. The black bear bites you.
The black bear barely misses you.
The black bear claws you but does no damage.
You hit the black bear.
The black bear is almost dead.
The black bear bites you.
* * * LOW HITPOINT WARNING * * *
The black bear barely misses you.
The black bear claws you but does no damage.
The black bear bites you!
* * * LOW HITPOINT WARNING * * *
The black bear claws you.
You die...

. ...
######.....
#..@hS....(
#.####.....
#.# ...
###.######.
.
#./).......
#.#.#######
#.#....#
#.#....###
###........#


You could see a black bear (berserk) and an adder.

Vanquished Creatures
  A dart slug (D:1)
  2 leopard geckos (D:1)
  6 bats (D:1)
  3 goblins
  7 hobgoblins
  2 kobolds (D:1)
  2 frilled lizards (D:1)
  2 rats (D:1)
25 creatures vanquished.

Vanquished Creatures (others)
  A goblin (D:1)
1 creature vanquished.

Grand Total: 26 creatures vanquished

Notes
Turn   | Place    | Note
-------+----------+-------------------------------------------
     0 | D:1      | Bradje99 the Troll Gladiator began the quest for the Orb.
     0 | D:1      | Reached XP level 1. HP: 19/19 MP: 0/0
   156 | D:1      | Found an iron altar of Okawaru.
   378 | D:1      | Reached XP level 2. HP: 27/27 MP: 1/1
   564 | D:1      | Reached skill level 3 in Axes
   821 | D:1      | Became a worshipper of Warmaster Okawaru
   858 | D:2      | Reached XP level 3. HP: 35/35 MP: 2/2
   873 | D:2      | Noticed a black bear
   885 | D:2      | HP: 1/35 [black bear (8)]
   885 | D:2      | Slain by a black bear

Skill      XL: |  1  2 |
---------------+-------+-----
Axes           | 3 |  3.1
Fighting       | |  1.6
Throwing       | |  1.8
Dodging        | |  2.7

Action                   || total
-------------------------++-------
Melee: War axe           ||    84
Throw: Stone             ||    17
 Stab: Sleeping          ||     1
  Eat: Ration            ||     2
Armor: Robe              ||    65
Dodge: Dodged            ||    87
